 Dungeon Crawl Stone Soup version bcrawl-1.12.2 (webtiles) character file.

Game seed: 6855834412007655358

135 Ebbett the Conjurer (level 5, -4/31 HPs)
             Began as a Fairy Conjurer on July 23, 2019.
             Was an Initiate of Qazlal.
             Killed by divine providence
             ... invoked by an orc priest
              (16 damage)
             ... on level 3 of the Dungeon.
             The game lasted 00:05:37 (1166 turns).

Ebbett the Conjurer (Fairy Conjurer)                Turns: 1166, Time: 00:05:38

Health: -4/31      AC:  4    Str:  6    XL:     5   Next: 18%
Magic:  13/13      EV: 16    Int: 20    God:    Qazlal [......]
Gold:   188        SH:  4    Dex: 12    Spells: 10/13 levels left

rFire    . . .     SeeInvis .   (weapon restricted)
rCold    . . .     Gourm    +   (shield restricted)
rNeg     . . .     Faith    .   (armour unavailable)
rPois    .         Spirit   .   (no helmet)
rElec    .         Reflect  .   (no cloak)
rCorr    .         Harm     .   (no gloves)
MR       .....                  (no boots)
Stlth    +++.......             g - amulet of the gourmand
HPRegen  0.10/turn              f - ring of stealth
MPRegen  0.13/turn              (no ring)

@: flying evasively
A: small, magic attunement, unstealthy, unfitting armour, able to fly, AC/SH +4
a: Stop Flying, Renounce Religion


You were on level 3 of the Dungeon.
You worshipped Qazlal.
Qazlal was noncommittal.
You were hungry.

You visited 1 branch of the dungeon, and saw 3 of its levels.

You collected 188 gold pieces.

Inventory:

Hand Weapons
 d - a -3 hand axe
Jewellery
 f - a ring of stealth (left hand)
 g - an amulet of the gourmand (around neck)
 n - an uncursed amulet of the gourmand
Scrolls
 a - 2 scrolls of identify
 e - a scroll of magic mapping
 j - a scroll of fear
Potions
 c - a potion of heal wounds
 h - a potion of resistance
 l - a potion of cancellation
Comestibles
 b - 7 rations {!d}


   Skills:
 + Level 3.0 Dodging
 + Level 1.6 Stealth
 + Level 4.6 Spellcasting
 + Level 6.3 Conjurations


You had 10 spell levels left.
You knew the following spells:

 Your Spells              Type           Power        Failure   Level  Hunger
a - Magic Dart            Conj           ####         1%          1    None
b - Searing Ray           Conj           ####..       1%          2    None

Your spell library contained the following spells:

 Spells                   Type           Power        Failure   Level  Hunger
 Iskenderun's Mystic Bla  Conj           ####....     2%          3    None
 Fulminant Prism          Conj/Hex       ###.......   32%         4    None
 Irradiate                Conj/Tmut      ###.......   65%         5    None


Dungeon Overview and Level Annotations

Branches:
Dungeon (3/12)

Altars:
Dithmenos
Gozag
Nemelex Xobeh
Okawaru
Qazlal
Uskayaw
Wu Jian
Xom


Innate Abilities, Weirdness & Mutations

Your spells do not cause hunger and MP costs are reduced by 1.
Your bright wings attract enemies. (Stealth-)
You cannot fit into any form of body armour.
Your shimmering scales are hard and can block incoming attacks. (AC +4, SH +4)
You are small and have problems with some larger weapons.
You can fly continuously.


Message History

The orc wizard looks encouraged for a moment.
Casting: Magic Dart (safe; 1% risk of failure)
Confirm with . or Enter, or press ? or * to list all spells.
Aiming: Magic Dart (safe; 1% risk of failure)
Press: ? - help, Shift-Dir - straight line, f/p - orc wizard
Aim: an orc wizard, wielding a +0 dagger and wearing a +0 robe (lightly wounded)
The magic dart hits the orc wizard.
The orc wizard is lightly wounded.
The orc wizard looks encouraged for a moment.
Casting: Magic Dart (safe; 1% risk of failure)
Confirm with . or Enter, or press ? or * to list all spells.
Aiming: Magic Dart (safe; 1% risk of failure)
Press: ? - help, Shift-Dir - straight line, f/p - orc wizard
Aim: an orc wizard, wielding a +0 dagger and wearing a +0 robe (lightly wounded)
The magic dart hits the orc wizard.
The orc wizard is moderately wounded.
The orc priest calls down the wrath of Beogh upon you.
Beogh smites you!
Ouch! That really hurt!
You die...

.####.#..#
#.# .#
#.#..# #.#
.####.#..#
#.#
.........#
#.#
#######.##
#.# #.#
#.# #.#
#.#
#######.#
#.#
........#
#@#
#########
#.ooo....
######...


You could see an orc priest, an orc wizard and an orc.

Vanquished Creatures
  A quasit (D:3)
  4 gnolls (D:2)
  2 adders (D:3)
  A worm (D:1)
  5 leopard geckos
  2 giant cockroaches (D:1)
  4 hobgoblins
  7 jackals (D:2)
  6 kobolds
  A quokka (D:3)
  2 bats (D:1)
  3 frilled lizards
  5 rats
43 creatures vanquished.

Notes
Turn   | Place    | Note
-------+----------+-------------------------------------------
     0 | D:1      | Ebbett the Fairy Conjurer began the quest for the Orb.
     0 | D:1      | Reached XP level 1. HP: 11/11 MP: 6/6
    12 | D:1      | Reached skill level 5 in Conjurations
    41 | D:1      | Reached XP level 2. HP: 8/17 MP: 7/7
   288 | D:1      | Reached XP level 3. HP: 21/21 MP: 9/9
   574 | D:2      | Found a sparkling altar of Nemelex Xobeh.
   574 | D:2      | Found a shadowy altar of Dithmenos.
   575 | D:2      | Found a hide-covered altar of Uskayaw.
   576 | D:2      | Found an iron altar of Okawaru.
   577 | D:2      | Found a shimmering altar of Xom.
   577 | D:2      | Found an opulent altar of Gozag.
   579 | D:2      | Found a stormy altar of Qazlal.
   598 | D:2      | Became a worshipper of Qazlal Stormbringer
   804 | D:2      | Reached XP level 4. HP: 27/27 MP: 11/11
   813 | D:2      | Reached skill level 6 in Conjurations
  1065 | D:3      | Found an ornate altar of the Wu Jian Council.
  1073 | D:3      | Learned a level 2 spell: Searing Ray
  1163 | D:3      | Reached XP level 5. HP: 12/31 MP: 13/13
  1166 | D:3      | Killed from afar by an orc priest

Skill      XL: |  1  2  3  4 |
---------------+-------------+-----
Conjurations   | 5 6 |  6.3
Spellcasting   | 3 4 |  4.6
Dodging        | 3 |  3.0
Stealth        | |  1.6

Action                   |  1- 3 |  4- 6 || total
-------------------------+-------+-------++-------
 Cast: Magic Dart        |    77 |    25 ||   102
  Use: Potion            |     2 |     4 ||     6
       Scroll            |     1 |     5 ||     6
Armor: Skin              |     2 |     2 ||     4
Dodge: Dodged            |    13 |    19 ||    32
Block: Other             |     3 |       ||     3
